 Dungeon Crawl Stone Soup version 0.31-a0-986-g5e6e4ef867 (webtiles) character file.

Game seed: 5221414098193395866

269 DocClef the Changeling (level 6, -3/43 HPs)
             Began as a Demonspawn Shapeshifter on Nov 6, 2023.
             Slain by an iguana (7 damage)
             ... on level 5 of the Dungeon.
             The game lasted 00:03:12 (2672 turns).

DocClef the Changeling (Demonspawn Shapeshifter)    Turns: 2672, Time: 00:03:13

Health: -3/43      AC: 10    Str: 16    XL:     6   Next: 1%
Magic:  6/6        EV:  7    Int: 11    God:
Gold:   150        SH:  0    Dex: 13    Spells: 5/5 levels left

rFire   . .          .
                       - Unarmed
rCold   . . .        (no shield)
rNeg    . . .        f - +0 chain mail
rPois   .            (helmet currently unavailable)
rElec   .            (cloak currently unavailable)
rCorr   .            (gloves currently unavailable)
SInv    .            (boots currently unavailable)
Will    .....        (no amulet) Stlth
                     (no ring)
HPRegen 0.27/turn    (no ring)
MPRegen 0.10/turn

%: no passive effects
@: beast-form
A: beast (slay +2), slimy green scales 1, ignite blood 1, demonic magic 1
a: Begin Untransformation


You were on level 5 of the Dungeon.
You were a hulking beast.
You visited 1 branch of the dungeon, and saw 5 of its levels.

You collected 150 gold pieces.

Inventory:

Armour
 a - a +0 animal skin
 f - a +0 chain mail (worn)
Talismans
 c - a beast talisman
 d - a flux talisman
 n - a maw talisman
Wands
 s - a wand of mindburst (23)
Scrolls
 g - a scroll of teleportation {unknown}
 i - 3 scrolls of enchant weapon {unknown}
 j - a scroll of fear {unknown}
 k - a scroll of revelation {unknown}
 m - a scroll of poison {unknown}
 o - a scroll of vulnerability {unknown}
 p - 3 scrolls of enchant armour {unknown}
 q - a scroll of fog {unknown}
Potions
 b - a potion of lignification
 e - 3 potions of curing {unknown}
 h - a potion of degeneration {unknown}
 l - a potion of might {unknown}
 r - a potion of resistance {unknown}
 t - a potion of heal wounds {unknown}


   Skills:
 - Level 1.0 Fighting
 - Level 1.7 Dodging
 + Level 3.8 Unarmed Combat
 + Level 5.1 Shapeshifting


You had 5 spell levels left.
You didn't know any spells.
Your spell library contained the following spells:

 Spells                   Type           Power      Damage    Failure   Level
 Magic Dart               Conj           0%         1d3       99%         1
 Ensorcelled Hibernation  Hex/Ice        0%         N/A       100%        2
 Passwall                 Tmut/Erth      0%         N/A       100%        2
 Searing Ray              Conj           0%         2d4       100%        2
 Swiftness                Air            0%         N/A       100%        3
 Fulminant Prism          Conj/Hex       0%         3d5       100%        4


Dungeon Overview and Level Annotations

Branches:
Dungeon (5/15)
 Temple: D:4-7

Altars:
Wu Jian


Innate Abilities, Weirdness & Mutations

You are a hulking beast.
Your limbs bulge with bestial killing power. (Slay +2)
You are partially covered in slimy green scales. (AC +2)
Your demonic aura sometimes causes spilled blood to erupt in flames.
Spells you cast may paralyse adjacent enemies.


Message History

You are too confused!
The orc wizard hits you with a +0 dagger.
Found 19 gold pieces and a robe.
The orc wizard hits you but does no damage.
You bump into the rock wall.
The iguana bites you.
The orc wizard hits you but does no damage.
The iguana bites you!
The orc wizard hits you with a +0 dagger.
You barely miss the orc wizard. The iguana barely misses you.
The orc wizard hits you with a +0 dagger.
The iguana barely misses you.
The orc wizard hits you but does no damage.
You bump into the rock wall.
You feel less confused. The iguana bites you.
The orc wizard hits you but does no damage.
The iguana bites you!
* * * LOW HITPOINT WARNING * * *
There is an escape hatch in the ceiling, spattered with blood here.
The orc wizard gestures at you while chanting.
You resist with some effort.
There is an escape hatch in the ceiling, spattered with blood here.
You hit the orc wizard.
The orc wizard is moderately wounded.
The iguana completely misses you.
The orc wizard hits you but does no damage.
You barely miss the orc wizard.
The orc wizard is moderately wounded.
The iguana bites you.
* * * LOW HITPOINT WARNING * * *
The orc wizard hits you but does no damage.
You punch the orc wizard!
You kill the orc wizard!
The iguana bites you.
* * * LOW HITPOINT WARNING * * *
You have reached level 6!
You punch the iguana!
The iguana is severely wounded.
The iguana bites you!
You die...

+# #. ... [.##.#.#
...### #....#.##
......
.....#...#######+###[
#...............#...
#.....###...#####.#.
#...............#.
#####....###..#####.
#..hl)!.$..^........
#.######.#######.###
# .... .. ..... ##
........ ......$.
....


You could see an iguana.

Vanquished Creatures
  2 iguanas (D:3)
  3 orc wizards
  4 gnolls
  2 adders
  A shadow imp (D:3)
  3 worms
  5 dart slugs
  4 orcs
  6 endoplasms
  4 giant cockroaches
  2 goblins (D:2)
  A hobgoblin (D:2)
  5 kobolds
  5 quokkas
  4 ball pythons
  6 bats
  A frilled lizard (D:1)
  8 rats
66 creatures vanquished.

Notes
Turn   | Place    | Note
-------+----------+-------------------------------------------
     0 | D:1      | DocClef the Demonspawn Shapeshifter began the quest for the
                  | Orb.
     0 | D:1      | Reached XP level 1. HP: 15/15 MP: 1/1
   174 | D:1      | Reached skill level 3 in Shapeshifting
   177 | D:1      | Gained mutation: Your demonic aura sometimes causes spilled
                  | blood to erupt in flames. [demonic ancestry]
   177 | D:1      | Reached XP level 2. HP: 21/21 MP: 2/2
   838 | D:2      | Reached XP level 3. HP: 26/26 MP: 3/3
  1004 | D:1      | Reached skill level 4 in Shapeshifting
  1288 | D:2      | Gained mutation: You are partially covered in slimy green
                  | scales. (AC +2) [demonic ancestry]
  1288 | D:2      | Reached XP level 4. HP: 16/32 MP: 0/4
  1919 | D:3      | Found an ornate altar of the Wu Jian Council.
  1978 | D:3      | Gained mutation: Spells you cast may paralyse adjacent
                  | enemies. [demonic ancestry]
  1978 | D:3      | Reached XP level 5. HP: 9/37 MP: 5/5
  2177 | D:3      | Reached skill level 5 in Shapeshifting
  2179 | D:3      | Identified the +1 ring mail of Tioc {rC+++ Str-4 Int+5
                  | Dex-4}
  2617 | D:4      | Noticed a lemure
  2617 | D:4      | Noticed a lemure
  2625 | D:5      | Entered Level 5 of the Dungeon
  2671 | D:5      | Reached XP level 6. HP: 3/43 MP: 6/6
  2672 | D:5      | Slain by an iguana

Illustrated notes

Levels and vault maps discovered:
D:1:      saegor_arrival_simple_c, layout_basic
D:2:      layout_basic
D:3:      kennysheep_six_static_rooms, layout_rooms, nzn_wu_jian_contemplation
D:4:      layout_basic, mainiacjoe_overflow_surrounded_room, uniq_pikel
D:5:      layout_basic, lemuel_temple_firewalk_b, amcnicky_mini_pool_small,
          minmay_manual_monolith, uniq_eustachio

Skill      XL: |  1  2  3  4  5 |
---------------+----------------+-----
Shapeshifting  | 3 4 5 |  5.1
Unarmed Combat | 3 |  3.8
Fighting       | |  1.0
Dodging        | |  1.7

Action                     |  1- 3 |  4- 6 || total
---------------------------+-------+-------++-------
  Melee: Unarmed           |   107 |   124 ||   231
         Punch             |     3 |     6 ||     9
   Stab: Sleeping          |     1 |       ||     1
 Armour: Animal skin       |    19 |       ||    19
         Chain mail        |    53 |    89 ||   142
  Dodge: Dodged            |    54 |    32 ||    86

Table legend: (Time is in decaauts)
 A = Elapsed time spent in this place.
 B = Non-inter-level travel time spent in this place.
 C = Inter-level travel time spent in this place.
 D = Time resting spent in this place.
 E = Time spent auto-exploring this place.
 F = Levels seen in this place.
 G = Mean time per level.
                   A        B        C        D        E       F      G
               +--------+--------+--------+--------+--------+-----+--------+
         Total |   2659 |   2458 |    201 |    164 |   1783 |   5 |  531.8 |
       Dungeon |   2659 |   2458 |    201 |    164 |   1783 |   5 |  531.8 |
               +--------+--------+--------+--------+--------+-----+--------+

Top non-repeatable levels by time:
     D:3: 890 daAuts
     D:1: 861 daAuts
     D:2: 833 daAuts
     D:5: 45 daAuts
     D:4: 27 daAuts
